 Dungeon Crawl Stone Soup version 0.23.1-41-g7e51ed3 (webtiles) character file.

Game seed: 12556428514794616938

674 doot the Twirler (level 7, -2/42 HPs)
             Began as a Gargoyle Gladiator on Mar 29, 2019.
             Slain by a komodo dragon (26 damage)
             ... on level 5 of the Dungeon.
             The game lasted 00:05:38 (3640 turns).

doot the Twirler (Gargoyle Gladiator)               Turns: 3640, Time: 00:05:38

Health: -2/42      AC: 10    Str: 18    XL:     7   Next: 59%
Magic:  16/16      EV: 13    Int:  8    God:
Gold:   174        SH:  0    Dex: 13    Spells: 6/6 levels left

rFire    x . .     SeeInvis .   a - +0 quarterstaff
rCold    + . .     Gourm    .   (shield currently unavailable)
rNeg     + . .     Faith    .   b - +0 leather armour
rPois    ∞         Spirit   .   c - +0 helmet
rElec    +         Reflect  .   (no cloak)
rCorr    .         Harm     .   e - +0 pair of gloves
MR       .....                  (no boots)
Stlth    +.........             l - amulet of rage
HPRegen  0.14/turn              p - ring of ice
MPRegen  0.15/turn              i - ring of magical power

@: no status effects
A: negative energy resistance 1, electricity resistance, unbreathing,
petrification resistance, rot immunity, AC +4
a: Evoke Berserk Rage


You were on level 5 of the Dungeon.
You were not hungry.

You visited 1 branch of the dungeon, and saw 5 of its levels.

You collected 174 gold pieces.

Inventory:

Hand Weapons
 a - a +0 quarterstaff (weapon)
Missiles
 d - 3 throwing nets (quivered)
Armour
 b - a +0 leather armour (worn)
 c - a +0 helmet (worn)
 e - a +0 pair of gloves (worn)
Jewellery
 i - a ring of magical power (right hand)
 l - an amulet of rage (around neck)
 p - a ring of ice (left hand)
Wands
 s - a wand of flame (11)
Scrolls
 g - a scroll of immolation {unknown}
 h - a scroll of enchant weapon {unknown}
 k - 4 scrolls of identify {unknown}
 n - a scroll of enchant armour {unknown}
 q - a scroll of magic mapping {unknown}
 u - a scroll of fog {unknown}
Potions
 j - 2 potions of might
 m - a potion of magic {unknown}
 o - 3 potions of curing {unknown}
 r - a potion of brilliance {unknown}
Comestibles
 f - 7 rations
 t - 3 chunks of flesh


   Skills:
 + Level 3.9 Fighting
 + Level 5.9 Staves
 + Level 1.9 Throwing
 + Level 3.5 Armour
 + Level 4.1 Dodging


You had 6 spell levels left.
You didn't know any spells.
Your spell library was empty.

Dungeon Overview and Level Annotations

Branches:
Dungeon (5/15)
 Temple: D:4-7

Altars:
Gozag
Kikubaaqudgha

Annotations:
D:3 Grinder, Robin


Innate Abilities, Weirdness & Mutations

You are resistant to torment.
Your stone body is resilient. (AC +4)
You are immune to poison.
You resist negative energy. (rN+)
You are resistant to electric shocks. (rElec)
You can survive without breathing.
You are immune to petrification.
You are immune to rotting.


Message History

You hit the komodo dragon.
The komodo dragon is lightly wounded.
The komodo dragon misses you.
You hit the komodo dragon but do no damage.
The komodo dragon is lightly wounded.
The komodo dragon barely misses you.
You sock the komodo dragon!
The komodo dragon is lightly wounded.
The komodo dragon bites you but does no damage.
You hit the komodo dragon.
The komodo dragon is lightly wounded.
The komodo dragon closely misses you.
You hit the komodo dragon.
The komodo dragon is moderately wounded.
The komodo dragon bites you!!
You barely miss the komodo dragon.
The komodo dragon is moderately wounded.
The komodo dragon bites you!!
Ouch! That really hurt!
You die...

#...............#
#....##.........#
#'#####.........#
#.........#######
#.........#
#.........#
#.).......#
#.........#
#..@......#
#..l.##...#
####'###### ...
....# ...# ..#
..#


You could see a komodo dragon.

Vanquished Creatures
  2 ogres (D:5)
  A phantom (D:4)
  A scorpion (D:4)
  An orc priest (D:4)
  A hound (D:4)
  Natasha (thrice) (D:2)
  Terence (D:2)
  3 worker ants (D:4)
  3 gnolls
  4 adders
  2 worms
  2 leopard geckos
  8 orcs
  A giant cockroach (D:2)
  5 goblins (D:3)
  5 hobgoblins
  7 jackals
  3 quokkas
  6 bats
  2 frilled lizards
  6 rats
67 creatures vanquished.

Notes
Turn   | Place    | Note
-------+----------+-------------------------------------------
     0 | D:1      | doot the Gargoyle Gladiator began the quest for the Orb.
     0 | D:1      | Reached XP level 1. HP: 12/12 MP: 1/1
   520 | D:1      | Reached XP level 2. HP: 17/17 MP: 2/2
   731 | D:2      | Noticed Terence
   744 | D:2      | Killed Terence
   744 | D:2      | Reached XP level 3. HP: 17/22 MP: 3/3
   833 | D:2      | Noticed Natasha
   849 | D:2      | Killed Natasha
   849 | D:2      | Reached skill level 1 in Armour
   849 | D:2      | Reached XP level 4. HP: 27/27 MP: 4/4
   957 | D:2      | Noticed Natasha
   962 | D:2      | Killed Natasha
  1345 | D:2      | Noticed Natasha
  1355 | D:2      | Killed Natasha
  1355 | D:2      | Reached XP level 5. HP: 20/31 MP: 5/5
  1570 | D:2      | Reached skill level 4 in Staves
  1692 | D:3      | Noticed Robin
  1970 | D:3      | Found an ancient bone altar of Kikubaaqudgha.
  1970 | D:3      | Noticed Grinder
  2058 | D:4      | Reached XP level 6. HP: 33/37 MP: 6/6
  2083 | D:4      | Noticed a phantom
  2165 | D:4      | Killed a phantom
  2165 | D:4      | Reached skill level 5 in Staves
  2343 | D:4      | Identified the +8 whip of Pixiton {holy, rF+ Dex+3}
  2574 | D:4      | Found an opulent altar of Gozag.
  2865 | D:4      | Reached XP level 7. HP: 32/41 MP: 7/7
  3033 | D:5      | Entered Level 5 of the Dungeon
  3631 | D:5      | Noticed a komodo dragon
  3640 | D:5      | Slain by a komodo dragon

Skill      XL: |  1  2  3  4  5  6  7 |
---------------+----------------------+-----
Dodging        | 3 4 |  4.1
Armour         | 1 2 3 |  3.5
Staves         | 4 5 |  5.9
Fighting       | 3 |  3.9
Throwing       | |  1.9

Action                   |  1- 3 |  4- 6 |  7- 9 || total
-------------------------+-------+-------+-------++-------
Melee: Quarterstaff      |    73 |   212 |    41 ||   326
  Eat: Chunk             |       |     7 |     2 ||     9
Armor: Leather armour    |    45 |    92 |     3 ||   140
Dodge: Dodged            |    69 |   197 |    26 ||   292
